 Dungeon Crawl Stone Soup version 0.31.0-10-gcf4a605ca0 (webtiles) character file.

Game seed: 7546964175104436268

176194 MackTheKnife the Spry (level 18, -2/159 HPs)
             Began as a Merfolk Air Elementalist on Jan 25, 2024.
             Was the Champion of Vehumet.
             Killed from afar by a salamander mystic (38 damage)
             ... with a lance of force
             ... on level 4 of the Snake Pit.
             The game lasted 01:12:17 (43578 turns).

MackTheKnife the Spry (Merfolk Air Elementalist)   Turns: 43578, Time: 01:12:18

Health: -2/159     AC: 21    Str: 16    XL:     18   Next: 12%
Magic:  4/32       EV: 21    Int: 23    God:    Vehumet [******]
Gold:   1244       SH:  6    Dex: 21    Spells: 10/37 levels left

rFire   . . .        F - staff "Beetleslayer" {rPois Str+7 Int-5 Alchemy, staff}
rCold   + . .        r - +0 buckler
rNeg    + . .        M - +5 ring mail of Lachrymose Freedom {SInv}
rPois   +            B - +2 helmet {Int+3}
rElec   .            o - +2 cloak
rCorr   .            l - +2 pair of gloves
SInv    +            H - +0 pair of boots
Will    ++...        T - macabre finger necklace {Finger+ rN+}
Stlth   ++           L - ring "Kufyiria" {rF+ rC+ Will+ MP-9 Dex+6}
HPRegen 0.46/turn    A - +6 ring of intelligence
MPRegen 0.23/turn    P - ring of magical power

%: random rage (3%)
@: very slightly contaminated
A: (nimble swimmer 2), mertail, berserk 1, dopey 1, robust 1, heat vulnerability
1
a: Renounce Religion


You were on level 4 of the Snake Pit.
You worshipped Vehumet.
Vehumet was exalted by your worship.
You visited 4 branches of the dungeon, and saw 26 of its levels.
You also visited: Ice Cave.

You collected 2781 gold pieces.
You spent 1537 gold pieces at shops.


Innate Abilities, Weirdness & Mutations

((You are very nimble when in or above water. (Stealth+, EV+, Speed+++)))
Your lower body shifts to a powerful aquatic tail in water.
You sometimes lose your temper in combat.
You are dopey. (Int -2)
You are robust. (+10% HP)
You are vulnerable to heat. (rF-)


   Skills:
 + Level 13.6 Fighting
 - Level 6.0 Short Blades
 - Level 4.0 Armour
 - Level 16.0 Dodging
 - Level 2.1 Stealth
 - Level 6.0 Shields
 - Level 10.0 Spellcasting
 - Level 11.4 Conjurations
 - Level 15.0 Summonings
 - Level 10.0 Ice Magic
 - Level 2.4 Air Magic
 - Level 12.0 Alchemy
 - Level 4.0 Evocations


You had 10 spell levels left.
You knew the following spells:

 Your Spells              Type           Power      Damage    Failure   Level
a - Shock                 Conj/Air       100%       1d9       1%          1
c - Mephitic Cloud        Conj/Alch/Air  67%        N/A       1%          3
d - Irradiate             Conj/Alch      39%        3d24      1%          5
e - Freezing Cloud        Conj/Ice/Air   24%        6-21      4%          5
f - Spellforged Servitor  Conj/Summ      32%        N/A       13%         7
g - Summon Cactus Giant   Summ           34%        N/A       4%          6

Your spell library contained the following spells:

 Spells                   Type           Power      Damage    Failure   Level
 Lehudib's Crystal Spear  Conj/Erth      18%        10d6      100%        8
 Kiss of Death            Conj/Necr      100%       2d13      1%          1
 Magic Dart               Conj           100%       1d8       1%          1
 Momentum Strike          Conj/Tloc      74%        3d10      1%          2
 Searing Ray              Conj           100%       2d8       1%          2
 Static Discharge         Conj/Air       86%        3-7/arc   1%          2
 Summon Ice Beast         Ice/Summ       62%        N/A       1%          3
 Fulminant Prism          Conj/Alch      39%        3d17      1%          4
 Iskenderun's Battlesphe  Conj           59%        2d11      1%          5
 Ensorcelled Hibernation  Hex/Ice        68%        N/A       2%          2
 Flame Wave               Conj/Fire      37%        2d10      3%          4
 Sticky Flame             Fire/Alch      55%        2d10      3%          4
 Arcjolt                  Conj/Air       21%        1d31      6%          5
 Inner Flame              Hex/Fire       11%        N/A       11%         3
 Leda's Liquefaction      Alch/Erth      27%        N/A       11%         4
 Petrify                  Alch/Erth      55%        N/A       11%         4
 Airstrike                Air            11%        2d(2-18)  13%         4
 Swiftness                Air            22%        N/A       14%         3
 Summon Forest            Summ/Tloc      23%        N/A       16%         5
 Summon Mana Viper        Hex/Summ       46%        N/A       16%         5
 Blink                    Tloc           22%        N/A       19%         2
 Lesser Beckoning         Tloc           22%        N/A       19%         2
 Sublimation of Blood     Necr           11%        N/A       19%         2
 Monstrous Menagerie      Summ           34%        N/A       22%         7
 Confusing Touch          Hex            11%        N/A       36%         3
 Fugue of the Fallen      Necr           11%        N/A       36%         3
 Bombard                  Conj/Erth      18%        9d4       41%         6
 Vhi's Electric Charge    Tloc/Air       34%        N/A       61%         4
 Lee's Rapid Deconstruct  Erth           5%         3d6*      63%         5
 Anguish                  Hex/Necr       5%         N/A       77%         4
 Animate Dead             Necr           11%        N/A       77%         4
 Dispel Undead            Necr           11%        3d9       77%         4
 Manifold Assault         Tloc           11%        N/A       77%         4
 Plasma Beam              Fire/Air       8%         2x1d19    94%         6
 Borgnjor's Vile Clutch   Necr/Erth      5%         N/A       98%         5
 Death Channel            Necr           5%         N/A       100%        6
 Dispersal                Tloc           5%         N/A       100%        6
 Disjunction              Tloc           5%         N/A       100%        8

Inventory:

Hand Weapons
 U - the +10 dagger "Hoedent" {freeze, +Blink rN+, short}
   (You found it on level 5 of the Lair of Beasts)

   rN+:       It protects you from negative energy.
   +Blink:    It lets you blink.
Armour
 l - a +2 pair of gloves (worn)
   (You found it on level 1 of the Lair of Beasts)
 o - a +2 cloak (worn)
   (You took it off Maurice on level 2 of the Orcish Mines)
 r - a +0 buckler (worn)
   (You found it on level 4 of the Dungeon)
 u - a +1 kite shield of cold resistance
   (You took it off a naga warrior on level 4 of the Snake Pit)
 B - a +2 helmet of intelligence (worn)
   (You bought it in a shop on level 2 of the Orcish Mines)
 H - a +0 pair of boots (worn)
   (You found it on level 8 of the Dungeon)
 M - the +5 ring mail of Lachrymose Freedom (worn) {SInv}
   (You found it on level 10 of the Dungeon)

   SInv:      It lets you see invisible.
Magical Staves
 F - the staff "Beetleslayer" (weapon) {rPois Str+7 Int-5 Alchemy, staff}
   (You found it on level 7 of the Dungeon)

   [staff of alchemy]

   Base accuracy: +5 Base damage: 5 Base attack delay: 1.2 This weapon's minimum
   attack delay (0.6) is reached at skill level 12.
   Str+7:     It affects your strength (+7).
   Int-5:     It affects your intelligence (-5).
   rPois:     It protects you from poison Alchemy: It increases the power of
   your Alchemy spells.
   It falls into the 'Staves' category.
   It is a one-handed weapon.
Jewellery
 j - a ring of positive energy
   (You found it on level 5 of the Lair of Beasts)
 y - a ring of willpower
   (You found it on level 5 of the Dungeon)
 A - a +6 ring of intelligence (right hand)
   (You found it on level 5 of the Dungeon)
 D - a ring of flight
   (You found it on level 7 of the Dungeon)
 K - a ring of protection from fire
   (You found it on level 1 of the Lair of Beasts)
 L - the ring "Kufyiria" (left hand) {rF+ rC+ Will+ MP-9 Dex+6}
   (You bought it in a shop on level 10 of the Dungeon)

   [ring of dexterity]

   Dex+6:     It affects your dexterity (+6).
   rF+:       It protects you from fire.
   rC+:       It protects you from cold.
   Will+:     It increases your willpower.
   MP-9:      It affects your magic capacity (-9).
 P - a ring of magical power (on amulet)
   (You found it on level 2 of the Lair of Beasts)
 T - the macabre finger necklace (around neck) {Finger+ rN+}
   (You found it on level 4 of the Lair of Beasts)

   [amulet of nothing]

   Finger+:   It enables you to equip an extra ring.
   rN+:       It protects you from negative energy.
Wands
 s - a wand of charming (12)
   (You found it on level 4 of the Dungeon)
 t - a wand of mindburst (13)
   (You found it on level 4 of the Dungeon)
 x - a wand of polymorph (17)
   (You found it on level 5 of the Dungeon)
 C - a wand of iceblast (15)
   (You found it on level 1 of the Lair of Beasts)
 O - a wand of digging (3)
   (You found it on level 1 of the Lair of Beasts)
 X - a wand of quicksilver (10)
   (You found it on level 15 of the Dungeon)
 Y - a wand of flame (10)
   (You found it on level 15 of the Dungeon)
Scrolls
 a - 3 scrolls of enchant weapon
 d - 2 scrolls of identify {@r1}
 g - 6 scrolls of amnesia
 h - a scroll of fear
 i - 7 scrolls of teleportation {@r4}
 m - 2 scrolls of silence {!r}
 p - a scroll of vulnerability {!r!r}
 q - 3 scrolls of revelation
 Q - a scroll of blinking {!r}
 S - a scroll of brand weapon
 V - 2 scrolls of fog
Potions
 b - a potion of magic
 c - 4 potions of curing {@q1}
 e - a potion of heal wounds {@q2}
 f - 4 potions of resistance
 k - 5 potions of ambrosia
 n - 4 potions of might
 v - 4 potions of berserk rage {!q}
 z - 2 potions of brilliance
 E - 5 potions of lignification {!q}
 G - 4 potions of cancellation
 I - 4 potions of enlightenment
 J - 2 potions of attraction {!q}
 N - a potion of invisibility
 R - 2 potions of haste {@q3}

Dungeon Overview and Level Annotations

Branches:
Dungeon (15/15) Zot: 24795  Temple (0/1) D:6            Lair (5/5) D:8 Zot: 19340
 Shoals (0/4) Lair:3        Snake (4/4) Lair:3 Zot: 15710   Slime (0/5) Lair:4
    Orc (2/2) D:9 Zot: 9353     Elf (0/3) Orc:2        Vaults (0/5) D:14
 Depths (0/4) D:15          IceCv (visited)

Altars:
Ashenzari
Dithmenos
Gozag
Makhleb
Nemelex Xobeh
Okawaru
Qazlal
Ru
Sif Muna
Uskayaw
Vehumet
Yredelemnul

Shops:
D:2 (   D:7 !   D:10 =   Orc:2 (:[*

Annotations:
D:4 3 runed translucent doors, exclusion: door, Arcadio's ghost, amateur HuMo
D:5 3 runed translucent doors, Hans's ghost, novice BaHs
D:10 exclusion: ice statue
Snake:4 1 runed translucent door, Shym's ghost, adept DjMo

...........## #..## #.)##
...........# ##..# #.## #..
...........# ##.# #[#####..
######.....# #.# #...##.).
####### ####.####.)..#...
#......##)...#.)#
####......##[...#.)#
#..........#.N).#).#
#..@.......#.#..#).#
#...#N9....#9#..#..#
######...#......#.#.9#..#
#........#####..#.#...†.#
#........# ##.#.#....##
#........######...#.)..#
#.................##..##
######...............#..######
#...........#........#.....#..


You could see a salamander mystic (ally target) and a friendly spellforged
servitor (summoned).


Message History

You lost 5 mp, and now have 14/32 mp.
Casting: Irradiate (mildly dangerous; 1% risk of failure)
Confirm with . or Enter, or press ? or * to list all spells.
You feel a surge of power!
You erupt in a fountain of uncontrolled magic!
The nagaraja is blasted with magical radiation!!!
The nagaraja twists and deforms.
You are lightly contaminated with residual magic.
The nagaraja hits you but does no damage.
The nagaraja constricts you.
* * * LOW HITPOINT WARNING * * *
😨 HP[-2] MP[-4]
You take 2 damage, and now have 72/158 hp.
You lost 4 mp, and now have 10/32 mp.
You completely miss the nagaraja. The nagaraja spits poison at you.
The splash of poison hits you.
You are poisoned.
You resist.
* * * LOW HITPOINT WARNING * * *
The nagaraja constricts you.
* * * LOW HITPOINT WARNING * * *
😨 HP[-4]
You take 4 damage, and now have 68/158 hp.
You hit the nagaraja.
You feel very sick.
Your spellforged servitor casts a spell.
Your spellforged servitor erupts in a fountain of uncontrolled magic!
The nagaraja is blasted with magical radiation!!
The nagaraja dies!
Vehumet accepts your kill. 😨 HP[-3]
You now have 159 max hp (+1).
You take 3 damage, and now have 65/159 hp.
You feel sick. 😨 HP[-2]
You take 2 damage, and now have 63/159 hp.
You feel sick. 😨 HP[-2] MP[+1]
You take 2 damage, and now have 61/159 hp.
You feel sick.
You feel sick. 😨 HP[-1]
You take 1 damage, and now have 60/159 hp.
You feel sick.
You feel sick. 😨 HP[-1] MP[+1]
You take 1 damage, and now have 59/159 hp.
You feel sick.
You start resting.
You feel sick.
You are no longer poisoned. 😨 HP[-1]
You take 1 damage, and now have 58/159 hp.
You start resting.
A salamander mystic comes into view.
It is wielding a +0 dagger. 😨 HP[+4] MP[+2]
You regained 4 hp, and now have 62/159 hp.
You regained 2 mp, and now have 14/32 mp.
A salamander mystic is nearby! 😨 HP[+1] 😨 MP[+1] 😨 HP[+1] 😨 HP[+1] 😨 MP[+1] 😨 HP[+1]
The salamander mystic points at something and mumbles some strange words.
Casting: Irradiate (mildly dangerous; 1% risk of failure)
Confirm with . or Enter, or press ? or * to list all spells.
You miscast Spellforged Servitor.
You are caught in a violent explosion!!
* * * LOW HITPOINT WARNING * * *
😨 HP[-17] MP[-7]
You take 17 damage, and now have 49/159 hp.
You lost 7 mp, and now have 9/32 mp.
Unknown command.
Casting: Spellforged Servitor (dangerous; 13% risk of failure)
Confirm with . or Enter, or press ? or * to list all spells.
You summon a servant imbued with your destructive magic! 😨 MP[-7]
You lost 7 mp, and now have 2/32 mp. 😨 MP[+1] 😨 HP[+1]
Your spellforged servitor mumbles some strange words.
Your spellforged servitor erupts in a fountain of uncontrolled magic!
The salamander mystic is blasted with magical radiation!!! 😨 HP[+1] 😨 MP[+1] Unknown command.
The salamander mystic points at you and mumbles some strange words.
The lance of force hits you!
* * * LOW HITPOINT WARNING * * *
You are knocked back by the lance of force.
You slam into the rock wall! 😱 HP[-15]
You take 15 damage, and now have 36/159 hp.
Unknown command.
Unknown command.
The salamander mystic points at you and mumbles some strange words.
The lance of force hits you!!!
You die...

Skill      XL: |  1  2  3  4  5  6  7  8  9 10 11 12 13 14 15 16 17 18 |
---------------+-------------------------------------------------------+-----
Dodging        | 3 4 5 6 9 10 11 14 16 | 16.0
Fighting       | 1 2 3 6 8 9 12 13 | 13.6
Short Blades   | 3 5 6 |  6.0
Summonings     | 3 5 8 13 14 15 | 15.0
Ice Magic      | 3 6 10 | 10.0
Evocations     | 2 4 |  4.0
Shields        | 5 6 |  6.0
Spellcasting   | 5 7 9 10 | 10.0
Conjurations   | 1 5 6 9 10 11 | 11.4
Alchemy        | 1 10 12 | 12.0
Armour         | 4 |  4.0
Stealth        | |  2.1
Air Magic      | |  2.4

Action                     |  1- 3 |  4- 6 |  7- 9 | 10-12 | 13-15 | 16-18 || total
---------------------------+-------+-------+-------+-------+-------+-------++-------
  Melee: Unarmed           |     8 |       |       |       |       |       ||     8
         Short sword       |     7 |    83 |   268 |    90 |       |       ||   448
         Punch             |       |     1 |     6 |     1 |       |       ||     8
         Staff             |       |       |     7 |   435 |   627 |   408 ||  1477
   Fire: Orcbow            |       |    55 |       |       |       |       ||    55
  Throw: Throwing net      |       |     1 |       |       |       |       ||     1
   Cast: Shock             |    92 |    90 |    75 |     5 |   227 |     2 ||   491
         Summon Ice Beast  |       |       |    23 |    52 |    47 |     3 ||   125
         Mephitic Cloud    |       |       |       |    45 |    34 |     5 ||    84
         Irradiate         |       |       |       |    47 |   131 |    69 ||   247
         Iskenderun's Batt |       |       |       |       |    31 |     2 ||    33
         Spellforged Servi |       |       |       |       |       |    41 ||    41
         Summon Cactus Gia |       |       |       |       |       |    11 ||    11
         Freezing Cloud    |       |       |       |       |       |    33 ||    33
  Evoke: Wand              |       |       |    10 |    25 |    37 |    10 ||    82
    Use: Potion            |     1 |       |       |     5 |     4 |     5 ||    15
         Scroll            |       |     5 |     3 |    17 |    13 |     8 ||    46
   Stab: Sleeping          |       |     1 |     5 |     1 |       |     3 ||    10
         Distracted        |       |       |     1 |     1 |     5 |       ||     7
         Confused          |       |       |       |    35 |    16 |     5 ||    56
 Armour: Robe              |    13 |       |       |       |       |       ||    13
         Troll leather arm |     4 |    87 |   149 |   137 |       |       ||   377
         Ring mail         |       |       |       |   233 |   606 |   391 ||  1230
  Dodge: Dodged            |    24 |    98 |   162 |   552 |  1018 |   567 ||  2421
  Block: Buckler           |       |       |       |   150 |   355 |   218 ||   723

Levels and vault maps discovered:
D:1:      sevenhm_arrival_forest_fort_small_5, layout_basic
D:2:      layout_loops_ring, serial_shops, shop_fountains, minmay_heptomino_d4
D:3:      kennysheep_big_flooded_room, layout_loops_ring,
          mainiacjoe_overflow_alcove_1, vehumet_crystals,
          nicolae_sif_muna_little_library
D:4:      layout_basic, ebering_ghost_gozag, minmay_pentangle
D:5:      layout_basic, gammafunk_ghost_necromancy, uniq_sigmund
D:6:      layout_basic, mainiacjoe_overflow_paths,
          mainiacjoe_overflow_divided_tiny, minmay_temple_entry_sparse_star,
          chequers_serial_rivers_micro_a, hangedman_feature_mirror
D:7:      layout_loops_corners, mainiacjoe_overflow_concentric_impassable,
          serial_shops, nicolae_shop_stone
D:8:      layout_gridville, nicolae_dithmenos_the_darkroom, ashenzari_altar_1,
          david_lair_shrubbed, minivault_21
D:9:      layout_irregular_city, grunt_qazlal_sundering,
          minmay_orc_entry_guard_dogs
D:10:     layout_rooms, mainiacjoe_overflow_chevrons, serial_shops, shop,
          minmay_statue_bubble
D:11:     layout_layer_cave
D:12:     layout_loops_cross, st_stairs_1
D:13:     layout_layer_cave, st_stairs_2
D:14:     layout_rooms, erik_vaults_2, ebering_ghost_reflecting_pool
D:15:     gammafunk_enter_depths_forms, layout_loops_corners, uniq_kirke,
          uniq_jorgrun, uniq_louise
Lair:1:   layout_roguey, kennysheep_abandoned_house, serial_bayou_shore_a
Lair:2:   layout_regular_city, portal_ice_cave_rime, basic_altar, uniq_amaemon
Lair:3:   layout_cave_pods, elwin_shoals_entry_rocks, alex1729_snake_entry_snake
Lair:4:   regret_index_harrowing_hell_hive, layout_regular_city,
          nicolae_slime_entry_field_trip, nicolae_lair_time_for_slime,
          uniq_rupert
Lair:5:   minmay_lair_end_frog_pond, layout_gridlike, grunt_megastairs_4
Snake:1:  layout_chambers
Snake:2:  layout_basic, uniq_azrael
Snake:3:  layout_gridlike, grunt_megastairs_1
Snake:4:  grunt_snake_rune_serpentine_throne, layout_basic,
          ebering_ghost_inner_flame
Orc:1:    layout_diamond_mine, uniq_snorg
Orc:2:    grunt_orc_cross, layout_diamond_mine, uniq_maurice

Notes
Turn   | Place    | Note
-------+----------+-------------------------------------------
     0 | D:1      | MackTheKnife the Merfolk Air Elementalist began the quest
                  | for the Orb.
     0 | D:1      | Reached XP level 1. HP: 13/13 MP: 3/3
     0 | D:1      | magus.rc [v1.9.6]
   216 | D:1      | Reached skill level 3 in Dodging
   288 | D:1      | Reached skill level 1 in Fighting
   288 | D:1      | Reached XP level 2. HP: 21/21 MP: 1/5
   970 | D:1      | Reached XP level 3. HP: 27/27 MP: 4/6
  1088 | D:1      | Reached skill level 2 in Fighting
  1346 | D:1      | You pick up a book of Beasts and begin reading...
  1346 | D:1      | You add the spells Summon Ice Beast, Summon Mana Viper and
                  | Monstrous Menagerie to your library.
  1505 | D:2      | Reached skill level 4 in Dodging
  1855 | D:2      | Reached XP level 4. HP: 34/34 MP: 0/7
  2180 | D:2      | Identified the +0 ring mail of the Postmodern Places {rN+
                  | Regen+ Stlth+}
  2530 | D:2      | Found Mavouv's Antique Weapon Emporium.
  2717 | D:2      | Reached skill level 3 in Fighting
  2737 | D:3      | Reached skill level 5 in Dodging
  2844 | D:3      | Reached XP level 5. HP: 36/41 MP: 4/8
  2906 | D:3      | Reached skill level 6 in Dodging
  3000 | D:3      | Reached skill level 1 in Short Blades
  3074 | D:3      | Found a radiant altar of Vehumet.
  3121 | D:3      | Became a worshipper of Vehumet
  3129 | D:3      | magus.rc [v1.9.6]
  3133 | D:3      | Learned a level 3 spell: Summon Ice Beast
  3167 | D:3      | Found a basalt altar of Yredelemnul.
  3362 | D:3      | Reached skill level 2 in Short Blades
  3695 | D:3      | Found a shimmering blue altar of Sif Muna.
  3989 | D:4      | Reached skill level 3 in Short Blades
  3989 | D:4      | Reached XP level 6. HP: 46/47 MP: 9/9
  4013 | D:4      | Noticed a black bear
  4297 | D:3      | Killed a black bear
  4298 | D:3      | Reached skill level 4 in Short Blades
  4509 | D:4      | Reached skill level 5 in Short Blades
  4509 | D:4      | Reached XP level 7. HP: 51/52 MP: 1/10
  4520 | D:4      | Reached skill level 6 in Short Blades
  4779 | D:4      | Reached skill level 1 in Summonings
  4779 | D:4      | Reached skill level 1 in Ice Magic
  4921 | D:4      | Found a runed translucent gate.
  4921 | D:4      | Found a runed translucent gate.
  4921 | D:4      | Found a runed translucent gate.
  4921 | D:4      | Found an opulent altar of Gozag.
  4922 | D:4      | Noticed Arcadio's ghost (amateur HuMo)
  4960 | D:4      | Reached * piety under Vehumet
  4960 | D:4      | Offered knowledge of Foxfire by Vehumet.
  4974 | D:4      | Reached skill level 2 in Ice Magic
  5024 | D:4      | You pick up a book of Touch and begin reading...
  5024 | D:4      | You add the spells Kiss of Death, Confusing Touch and
                  | Dispel Undead to your library.
  5262 | D:5      | Entered Level 5 of the Dungeon
  5302 | D:5      | You pick up a book of Spatial Translocations and begin
                  | reading...
  5302 | D:5      | You add the spells Blink, Momentum Strike and Lesser
                  | Beckoning to your library.
  5367 | D:5      | Reached skill level 2 in Summonings
  5406 | D:5      | Reached skill level 3 in Ice Magic
  5592 | D:5      | Reached skill level 3 in Summonings
  5592 | D:5      | Reached XP level 8. HP: 45/58 MP: 5/11
  5758 | D:5      | Noticed Sigmund
  5764 | D:5      | Killed Sigmund
  5765 | D:5      | Reached skill level 4 in Ice Magic
  5774 | D:5      | Reached skill level 4 in Summonings
  5831 | D:5      | Found a runed translucent gate.
  5831 | D:5      | Found a runed translucent gate.
  5831 | D:5      | Found a runed translucent gate.
  5831 | D:5      | Noticed Hans's ghost (novice BaHs)
  5845 | D:5      | Noticed a yak
  5846 | D:5      | Noticed a yak
  5868 | D:5      | Killed a yak
  5938 | D:5      | Noticed a yak
  5941 | D:5      | Noticed a yak
  5951 | D:5      | Killed a yak
  5952 | D:5      | Reached skill level 5 in Ice Magic
  5954 | D:5      | Reached skill level 5 in Summonings
  5966 | D:5      | Killed a yak
  6050 | D:5      | Reached skill level 6 in Ice Magic
  6553 | D:5      | Reached skill level 1 in Evocations
  6565 | D:5      | Reached skill level 2 in Evocations
  6565 | D:5      | Reached XP level 9. HP: 59/63 MP: 10/12
  6670 | D:5      | Offered knowledge of Magic Dart by Vehumet.
  6705 | D:6      | Found an opulent altar of Gozag.
  6731 | D:6      | Reached skill level 3 in Evocations
  6774 | D:6      | Found a staircase to the Ecumenical Temple.
  6829 | D:6      | Found a burning altar of Makhleb.
  6993 | D:6      | Reached skill level 4 in Evocations
  7362 | D:6      | Reached ** piety under Vehumet
  7403 | D:6      | Found an iron altar of Okawaru.
  7404 | D:6      | Found an opulent altar of Gozag.
  7409 | D:6      | Found a broken altar of Ashenzari.
  7425 | D:6      | Reached skill level 4 in Fighting
  7511 | D:6      | Reached skill level 7 in Dodging
  7807 | D:7      | Found a sparkling altar of Nemelex Xobeh.
  8199 | D:7      | Reached skill level 5 in Fighting
  8230 | D:7      | Found Tesiecum's Distillery.
  8235 | D:7      | Bought a potion of lignification for 42 gold pieces
  8235 | D:7      | Bought a potion of might for 56 gold pieces
  8253 | D:7      | Identified the staff "Beetleslayer" {rPois Str+7 Int-5
                  | Alchemy}
  8430 | D:7      | Reached skill level 8 in Dodging
  8743 | D:7      | Offered knowledge of Volatile Blastmotes by Vehumet.
  9067 | D:8      | Reached skill level 6 in Fighting
  9192 | D:8      | Reached *** piety under Vehumet
  9213 | D:8      | Found a broken altar of Ashenzari.
  9221 | D:8      | Reached skill level 9 in Dodging
  9223 | D:8      | Reached XP level 10. HP: 62/77 MP: 13/13
  9228 | D:8      | HP: 19/77 [killer bee (8)]
  9252 | D:8      | HP: 19/77 [killer bee (6)]
  9329 | D:8      | Reached skill level 7 in Fighting
  9578 | D:8      | Found a shadowy altar of Dithmenos.
  9744 | D:8      | Found a staircase to the Lair.
  9773 | D:8      | Offered knowledge of Mephitic Cloud by Vehumet.
  9774 | D:8      | Reached skill level 10 in Dodging
  9774 | D:8      | Reached skill level 1 in Shields
  9778 | D:8      | Learned a level 3 spell: Mephitic Cloud
 10103 | D:8      | Reached skill level 2 in Shields
 10156 | D:9      | Found a stormy altar of Qazlal.
 10287 | D:9      | Reached skill level 8 in Fighting
 10287 | D:9      | Reached skill level 3 in Shields
 10501 | D:9      | HP: 19/80 [wolf (4)]
 10502 | D:9      | Reached skill level 4 in Shields
 10607 | D:9      | Found a staircase to the Orcish Mines.
 10697 | D:9      | Reached **** piety under Vehumet
 10705 | D:9      | Offered knowledge of Irradiate by Vehumet.
 10713 | D:9      | Reached skill level 5 in Shields
 10719 | D:9      | Learned a level 5 spell: Irradiate
 11129 | D:9      | Reached skill level 3 in Spellcasting
 11360 | D:10     | Entered Level 10 of the Dungeon
 11375 | D:10     | Reached skill level 4 in Spellcasting
 11478 | D:10     | Noticed a two-headed ogre
 11492 | D:10     | Killed a two-headed ogre
 11493 | D:10     | Reached skill level 5 in Spellcasting
 11493 | D:10     | Reached skill level 1 in Conjurations
 11493 | D:10     | Reached skill level 1 in Alchemy
 11493 | D:10     | Reached XP level 11. HP: 68/86 MP: 8/18
 11566 | D:10     | Found Jedghus's Jewellery Emporium.
 11589 | D:10     | Reached skill level 2 in Alchemy
 11593 | D:10     | Identified the +5 ring mail of Lachrymose Freedom {SInv}
 11695 | D:10     | Noticed a two-headed ogre
 11710 | D:10     | Killed a two-headed ogre
 11711 | D:10     | Reached skill level 2 in Conjurations
 11711 | D:10     | Reached skill level 3 in Alchemy
 11725 | D:10     | You pick up a book of Unlife and begin reading...
 11725 | D:10     | You add the spells Animate Dead, Borgnjor's Vile Clutch and
                  | Death Channel to your library.
 11905 | D:10     | Found a sacrificial altar of Ru.
 11922 | D:10     | Reached skill level 4 in Alchemy
 12174 | Lair:1   | Entered Level 1 of the Lair of Beasts
 12179 | D:8      | magus.rc [v1.9.6]
 12274 | Lair:1   | Noticed a catoblepas
 12275 | Lair:1   | Reached skill level 3 in Conjurations
 12332 | Lair:1   | Noticed a death yak
 12346 | D:8      | Killed a catoblepas
 12347 | D:8      | Reached skill level 5 in Alchemy
 12455 | D:8      | Killed a death yak
 12456 | D:8      | Reached skill level 6 in Alchemy
 12554 | Lair:1   | Reached skill level 4 in Conjurations
 12896 | Lair:1   | Reached skill level 7 in Alchemy
 13030 | Lair:1   | Reached skill level 5 in Conjurations
 13036 | Lair:1   | Reached skill level 8 in Alchemy
 13057 | Lair:1   | Reached skill level 9 in Alchemy
 13061 | Lair:1   | Reached skill level 10 in Alchemy
 13061 | Lair:1   | Reached XP level 12. HP: 58/92 MP: 9/19
 13914 | Lair:2   | Noticed a death yak
 13915 | Lair:2   | Noticed a death yak
 13919 | Lair:2   | Noticed a death yak
 14026 | Lair:2   | Found a frozen archway.
 14044 | Lair:2   | Reached skill level 6 in Conjurations
 14110 | IceCv    | Entered an ice cave
 14187 | IceCv    | Reached ***** piety under Vehumet
 14198 | IceCv    | Offered knowledge of Fulminant Prism by Vehumet.
 14353 | IceCv    | HP: 11/92 [ice statue/shard of ice (32)]
 15541 | IceCv    | Reached skill level 11 in Alchemy
 15933 | IceCv    | Noticed a reaper
 16439 | Lair:2   | Found a hide-covered altar of Uskayaw.
 16443 | Lair:2   | Noticed a skyshark
 16457 | Lair:2   | Killed a skyshark
 16458 | Lair:2   | Reached skill level 12 in Alchemy
 16683 | Lair:2   | Noticed Amaemon
 16704 | Lair:2   | Reached skill level 6 in Spellcasting
 16705 | Lair:2   | Killed Amaemon
 16775 | Lair:2   | Reached skill level 7 in Spellcasting
 16994 | Lair:2   | Noticed a death yak
 17004 | Lair:2   | Noticed a death yak
 17016 | Lair:2   | Killed a death yak
 17024 | Lair:2   | Killed a death yak
 17025 | Lair:2   | Killed a death yak
 17026 | Lair:2   | Reached skill level 9 in Fighting
 17026 | Lair:2   | Reached skill level 11 in Dodging
 17029 | Lair:2   | Killed a death yak
 17029 | Lair:2   | Killed a death yak
 17030 | Lair:2   | Reached XP level 13. HP: 56/101 MP: 22/23
 17699 | Lair:2   | magus.rc [v1.9.6]
 17874 | Lair:3   | Reached skill level 12 in Dodging
 18112 | Lair:3   | Reached skill level 10 in Fighting
 18470 | Lair:3   | Offered knowledge of Arcjolt by Vehumet.
 18489 | Lair:3   | Learned a level 5 spell: Arcjolt
 18753 | Lair:3   | Found a staircase to the Shoals.
 18964 | Lair:3   | Found a staircase to the Snake Pit.
 19242 | D:10     | Bought the ring "Kufyiria" {rF+ rC+ Will+ MP-9 Dex+6} for
                  | 611 gold pieces
 19370 | Lair:4   | Noticed an azure jelly
 19579 | Lair:4   | Reached skill level 13 in Dodging
 19621 | Lair:4   | You pick up a book of Flames and begin reading...
 19621 | Lair:4   | You add the spells Inner Flame, Sticky Flame and Flame Wave
                  | to your library.
 19662 | Lair:4   | Noticed Rupert
 19679 | Lair:4   | Reached skill level 11 in Fighting
 20205 | Lair:4   | Reached skill level 14 in Dodging
 20551 | Lair:4   | Killed Rupert
 20718 | Lair:4   | Reached skill level 12 in Fighting
 21061 | Lair:4   | Reached XP level 14. HP: 100/115 MP: 15/24
 21144 | Lair:4   | Reached skill level 15 in Dodging
 21521 | Lair:4   | Found the macabre finger necklace {Finger+ rN+}
 21712 | Lair:4   | Found a staircase to the Slime Pits.
 21732 | Lair:4   | You pick up a book of Transmutation and begin reading...
 21732 | Lair:4   | You add the spells Sublimation of Blood and Petrify to your
                  | library.
 21758 | Lair:4   | Killed an azure jelly
 22158 | Lair:5   | Entered Level 5 of the Lair of Beasts
 22172 | Lair:5   | Reached skill level 16 in Dodging
 22334 | Lair:5   | Reached skill level 1 in Armour
 22335 | Lair:5   | Offered knowledge of Iskenderun's Battlesphere by Vehumet.
 22336 | Lair:5   | Reached skill level 2 in Armour
 22351 | Lair:5   | Learned a level 5 spell: Iskenderun's Battlesphere
 22494 | Lair:5   | Identified the +10 dagger "Hoedent" {freeze, +Blink rN+}
 22696 | Lair:5   | Reached skill level 3 in Armour
 22923 | Lair:5   | Reached skill level 4 in Armour
 23041 | Lair:5   | Reached skill level 6 in Shields
 24402 | Lair:5   | Reached skill level 8 in Spellcasting
 24652 | Lair:5   | You pick up a book of Touch and begin reading...
 24656 | Lair:5   | Identified the +7 halberd of the Genius {flame, Int+3
                  | Dex+3}
 24660 | Lair:5   | You pick up a book of the Earth and begin reading...
 24660 | Lair:5   | You add the spells Leda's Liquefaction, Lee's Rapid
                  | Deconstruction and Bombard to your library.
 25106 | Orc:1    | Entered Level 1 of the Orcish Mines
 25399 | Orc:2    | Entered Level 2 of the Orcish Mines
 25552 | Orc:1    | Reached skill level 13 in Fighting
 25928 | Orc:1    | Noticed Snorg
 25942 | Orc:1    | Killed Snorg
 25963 | Orc:1    | Gained mutation: Armour fits poorly on your strangely
                  | shaped body. [mutagenic glow]
 26401 | Orc:2    | Found a staircase to the Elven Halls.
 26540 | Orc:2    | Noticed Maurice
 26558 | Orc:2    | Killed Maurice
 26559 | Orc:2    | Reached skill level 9 in Spellcasting
 26808 | Orc:2    | Noticed an orc warlord
 26861 | Orc:2    | Killed an orc warlord
 26862 | Orc:2    | Reached XP level 15. HP: 116/123 MP: 13/28
 27346 | Orc:2    | Reached skill level 10 in Spellcasting
 27361 | Orc:2    | Reached skill level 7 in Conjurations
 27612 | Orc:2    | Found Jommoam's General Store.
 27628 | Orc:2    | Found Puwkomunt's Book Boutique.
 27645 | Orc:2    | Found Faush's Antique Weapon Boutique.
 27660 | Orc:2    | Found Weulyin's Antique Armour Boutique.
 27667 | Orc:2    | Bought a glowing helmet for 240 gold pieces
 27887 | D:11     | Offered knowledge of Spellforged Servitor by Vehumet.
 27933 | D:11     | Learned a level 7 spell: Spellforged Servitor
 28330 | D:11     | Reached skill level 6 in Summonings
 29064 | D:12     | You pick up a book of Dreams and begin reading...
 29064 | D:12     | You add the spells Ensorcelled Hibernation, Fugue of the
                  | Fallen and Anguish to your library.
 29137 | D:12     | Identified the +4 scale mail of Giseum {rC+ Str+2}
 29390 | D:12     | You pick up a book of Lightning and begin reading...
 29390 | D:12     | You add the spells Vhi's Electric Charge and Plasma Beam to
                  | your library.
 29962 | D:13     | Reached skill level 8 in Conjurations
 30386 | D:13     | Reached skill level 7 in Summonings
 31101 | D:14     | Found a runed translucent door.
 31158 | D:14     | Gained mutation: You are dopey. (Int -2) [mutagenic glow]
 31462 | D:14     | Noticed Imiczer's ghost (journeyman FoFi)
 31471 | D:14     | Killed Imiczer's ghost
 31472 | D:14     | Reached skill level 8 in Summonings
 32029 | D:14     | Reached skill level 9 in Conjurations
 32041 | D:14     | Gained mutation: Your spells are a little harder to cast,
                  | but a little more powerful. [mutagenic glow]
 32043 | D:14     | Offered knowledge of Starburst by Vehumet.
 32045 | D:14     | Reached XP level 16. HP: 58/130 MP: 11/30
 32073 | D:14     | Gained mutation: Your health recovers twice as slowly from
                  | being drained. [mutagenic glow]
 32373 | Orc:2    | Bought a scroll of identify for 28 gold pieces
 32373 | Orc:2    | Bought a scroll of identify for 28 gold pieces
 32375 | Orc:2    | Lost mutation: Armour fits poorly on your strangely shaped
                  | body. [potion of mutation]
 32375 | Orc:2    | Lost mutation: Your spells are a little harder to cast, but
                  | a little more powerful. [potion of mutation]
 32375 | Orc:2    | Gained mutation: You sometimes lose your temper in combat.
                  | [potion of mutation]
 32607 | D:14     | Found a gate to the Vaults.
 32726 | D:15     | Entered Level 15 of the Dungeon
 32812 | D:15     | Reached skill level 9 in Summonings
 32956 | D:15     | Noticed Jorgrun
 32960 | D:15     | Noticed Kirke
 32962 | D:15     | Noticed a sphinx
 32968 | D:15     | Killed Jorgrun
 32975 | D:15     | Killed Kirke
 33028 | D:15     | Noticed Louise
 33041 | D:15     | Reached ****** piety under Vehumet
 33070 | D:15     | HP: 32/130 [Louise/bolt of lightning (12)]
 33079 | D:15     | Killed Louise
 33081 | D:15     | HP: 13/130 [cyclops/large rock (40)]
 33536 | D:15     | Reached skill level 10 in Conjurations
 33945 | D:15     | Reached skill level 10 in Summonings
 34435 | D:15     | Found a staircase to the Depths.
 34527 | D:15     | Reached skill level 11 in Summonings
 34891 | Lair:4   | Lost mutation: You are dopey. (Int -2) [potion of mutation]
 34891 | Lair:4   | Lost mutation: You sometimes lose your temper in combat.
                  | [potion of mutation]
 34891 | Lair:4   | Lost mutation: Your health recovers twice as slowly from
                  | being drained. [potion of mutation]
 34891 | Lair:4   | Gained mutation: You are dopey. (Int -2) [potion of
                  | mutation]
 34891 | Lair:4   | Gained mutation: You are robust. (+10% HP) [potion of
                  | mutation]
 34891 | Lair:4   | Gained mutation: You are vulnerable to heat. (rF-) [potion
                  | of mutation]
 34973 | Lair:4   | magus.rc [v1.9.6]
 35131 | Orc:2    | Bought a book of the Wilderness for 532 gold pieces
 35131 | Orc:2    | You pick up a book of the Wilderness and begin reading...
 35131 | Orc:2    | You add the spells Summon Forest and Summon Cactus Giant to
                  | your library.
 35236 | Lair:1   | Learned a level 6 spell: Summon Cactus Giant
 35340 | Snake:1  | Entered Level 1 of the Snake Pit
 35649 | Snake:1  | magus.rc [v1.9.6]
 35881 | Snake:1  | Reached skill level 12 in Summonings
 37374 | Snake:2  | HP: 27/143 [sea snake (12)]
 37817 | Snake:2  | Reached skill level 13 in Summonings
 37912 | Snake:2  | You pick up a book of the Warp and begin reading...
 37912 | Snake:2  | You add the spells Manifold Assault, Dispersal and
                  | Disjunction to your library.
 37982 | Snake:2  | Offered knowledge of Freezing Cloud by Vehumet.
 37983 | Snake:2  | Reached XP level 17. HP: 129/149 MP: 20/31
 37989 | Snake:2  | Learned a level 5 spell: Freezing Cloud
 38044 | Snake:2  | Noticed Azrael
 38051 | Snake:2  | Killed Azrael
 38252 | Snake:2  | Reached skill level 7 in Ice Magic
 38662 | Snake:2  | Reached skill level 8 in Ice Magic
 39256 | Snake:2  | Reached skill level 9 in Ice Magic
 39731 | Snake:3  | Reached skill level 10 in Ice Magic
 40748 | Snake:3  | Reached skill level 14 in Summonings
 41092 | Snake:3  | Gained mutation: You sometimes lose your temper in combat.
                  | [mutagenic glow]
 41540 | Snake:3  | You pick up a book of Conjurations {@e2} and begin
                  | reading...
 41540 | Snake:3  | You add the spells Magic Dart, Searing Ray and Fulminant
                  | Prism to your library.
 41654 | Snake:4  | Entered Level 4 of the Snake Pit
 41656 | Snake:4  | Offered knowledge of Lehudib's Crystal Spear by Vehumet.
 41736 | Snake:4  | magus.rc [v1.9.6]
 41841 | Snake:4  | HP: 36/149 [poisoned by a naga ritualist (toxic radiance)]
 42526 | Snake:4  | Found a runed translucent door.
 42526 | Snake:4  | Noticed Shym's ghost (adept DjMo)
 42551 | Snake:4  | Reached skill level 11 in Conjurations
 43185 | Snake:4  | Reached XP level 18. HP: 118/157 MP: 23/32
 43187 | Snake:4  | Reached skill level 15 in Summonings
 43577 | Snake:4  | HP: 36/159 [salamander mystic/lance of force (16)]
 43578 | Snake:4  | Killed from afar by a salamander mystic

Vanquished Creatures
  Jorgrun (D:15)
  Rupert (Lair:4)
  Kirke (D:15)
  An azure jelly (Lair:4)
  Louise (D:15)
  An orc warlord (Orc:2)
  The ghost of Imiczer the Cleaver, a journeyman FoFi of Okawaru (D:14)
  A very ugly thing (D:15)
  Snorg (Orc:1)
  A fire dragon (D:15)
  A great orb of eyes (D:15)
  3 hydras
  8 vault guards (D:14)
  2 centaur warriors
  3 boulder beetles
  A salamander tyrant (Snake:3)
  A rakshasa (D:15)
  3 ogre magi
  14 two-headed ogres
  9 anacondas
  A catoblepas (D:8)
  8 death yaks
  4 naga warriors
  2 tengu warriors
  2 naga sharpshooters (Snake:4)
  3 shock serpents
  An orc high priest (Orc:2)
  3 skysharks
  Amaemon (Lair:2)
  4 salamander mystics
  5 mana vipers
  4 nameless horrors
  A sea snake (Snake:2)
  3 orc knights (Orc:2)
  A naga ritualist (Snake:3)
  2 deep elf pyromancers
  A harpy (shapeshifter) (D:14)
  3 orc sorcerers (Orc:2)
  12 ugly things
  2 oklob plants (Lair:4)
  3 manticores
  4 cyclopes
  13 salamanders
  6 meliai
  An elephant (shapeshifter) (D:15)
  4 kobold blastminers (Orc:1)
  3 naga magi
  14 elephants
  An ice statue (IceCv)
  3 guardian serpents
  19 black mambas
  3 gargoyles
  An orange demon (Lair:2)
  23 cane toads
  A torpor snail (Lair:4)
  An unseen horror (D:12)
  4 komodo dragons
  3 rime drakes
  4 yaktaurs (D:15)
  A tengu conjurer (D:15)
  An efreet (D:15)
  An anaconda simulacrum (IceCv)
  An ice devil (IceCv)
  A queen bee (Lair:4)
  A hornet (shapeshifter) (D:15)
  2 polar bears
  5 trolls
  17 blink frogs
  9 slime creatures
  7 wyverns
  A wraith (D:11)
  A human (D:15)
  13 yaks
  3 fire elementals (Snake:2)
  A hog (D:15)
  2 steam dragons (Lair:4)
  2 wargs
  3 basilisks
  A death yak simulacrum (IceCv)
  11 vampire mosquitoes
  26 nagas
  8 water moccasins
  An acid dragon (D:12)
  A hydra simulacrum (IceCv)
  3 hell hounds (Snake:2)
  4 black bears
  16 orc warriors
  An ice beast (D:6)
  A black bear (shapeshifter) (D:13)
  15 wolves
  9 centaurs
  11 ogres
  2 kobold brigands
  6 two-headed ogre simulacra (IceCv)
  12 bullfrogs
  2 cane toad simulacra (IceCv)
  3 scorpions
  4 elephant simulacra (IceCv)
  32 killer bees
  7 howler monkeys
  3 electric eels (Snake:2)
  3 bombardier beetles
  4 hounds
  3 jellies (Lair:4)
  2 gnoll boudas
  15 orc priests
  7 iguanas
  9 hell rats
  20 orc wizards
  2 polar bear simulacra (IceCv)
  4 spriggan simulacra (IceCv)
  8 troll simulacra (IceCv)
  4 wolf simulacra (IceCv)
  9 gnolls
  3 river rats (Lair:1)
  7 adders
  10 naga simulacra (IceCv)
  3 white imps (IceCv)
  An ufetubus (IceCv)
  5 ribbon worms
  5 dart slugs
  48 orcs
  7 endoplasms
  6 giant cockroaches
  9 goblins
  8 hobgoblins
  7 jackals
  21 kobolds
  5 quokkas
  8 ball pythons
  7 bats
  7 frilled lizards
  10 rats
747 creatures vanquished.

Vanquished Creatures (collateral kills)
  2 nagarajas (Snake:4)
  Azrael (Snake:2)
  A salamander tyrant (Snake:2)
  6 anacondas
  A two-headed ogre (D:10)
  7 naga warriors
  7 naga sharpshooters
  A death yak (D:8)
  A skyshark (Lair:2)
  7 sea snakes (Snake:2)
  5 salamander mystics
  A goliath frog (Lair:5)
  7 mana vipers
  4 naga ritualists
  3 nameless horrors
  4 salamanders
  Maurice (Orc:2)
  An orc sorcerer (Orc:1)
  3 elephants
  10 naga magi
  3 guardian serpents
  11 black mambas
  3 cane toads
  A rime drake (Lair:2)
  2 komodo dragons
  A tyrant leech (Lair:5)
  4 blink frogs
  A troll (D:10)
  2 slime creatures (Lair:4)
  Sigmund (D:5)
  A wraith (D:10)
  A wyvern (Lair:2)
  7 yaks
  2 wargs
  4 basilisks
  A vampire mosquito (Lair:5)
  15 nagas
  A hell hound (Snake:2)
  4 water moccasins
  A black bear (Lair:2)
  2 orc warriors
  2 laughing skulls (D:14)
  An ogre (D:5)
  A centaur (D:6)
  2 wolves
  2 kobold brigands
  A gnoll sergeant (D:6)
  4 bullfrogs
  15 killer bees
  An electric eel (Snake:2)
  3 howler monkeys
  A bombardier beetle (D:7)
  A hound (D:7)
  6 jellies (Lair:4)
  2 orc wizards
  A hell rat (Lair:1)
  7 gnolls
  A river rat (Lair:1)
  A ribbon worm (D:5)
  11 orcs
  A jackal (D:5)
  7 kobolds
  3 rats (Lair:1)
215 creatures vanquished.

Vanquished Creatures (others)
  A deep elf pyromancer (D:15)
  4 humans (D:15)
  A yak (D:5)
  A wyvern (Lair:4)
  A vampire mosquito (D:14)
  2 orc warriors (Orc:2)
  A killer bee (Lair:4)
  An ufetubus (IceCv)
  An orc (Orc:2)
13 creatures vanquished.

Grand Total: 975 creatures vanquished

Table legend:
 A = Non-vault XP
 B = Vault XP
 C = Vault XP percentage of total XP
 D = Non-vault monster count
 E = Vault monster count
 F = Vault count percentage of total count
                 A         B        C        D         E       F
            +---------+---------+-------+---------+---------+-------
      Total |  172648 |   80338 |  31.8 |     666 |     292 |  30.5
            +---------+---------+-------+---------+---------+-------
        D:1 |      50 |       0 |   0.0 |      32 |       0 |   0.0
        D:2 |      73 |       7 |   8.8 |      22 |       4 |  15.4
        D:3 |     287 |       4 |   1.4 |      34 |       2 |   5.6
        D:4 |     287 |     210 |  42.3 |      11 |      10 |  47.6
        D:5 |    1286 |     214 |  14.3 |      29 |       1 |   3.3
        D:6 |     492 |     449 |  47.7 |       9 |       6 |  40.0
        D:7 |     936 |       0 |   0.0 |      24 |       0 |   0.0
        D:8 |    2627 |    1173 |  30.9 |      28 |       2 |   6.7
        D:9 |    2071 |     407 |  16.4 |      25 |       3 |  10.7
       D:10 |    2477 |       0 |   0.0 |      19 |       0 |   0.0
       D:11 |    6129 |       0 |   0.0 |      27 |       0 |   0.0
       D:12 |    3243 |     939 |  22.5 |      11 |       3 |  21.4
       D:13 |    3954 |    1572 |  28.4 |      11 |       3 |  21.4
       D:14 |   10575 |    8076 |  43.3 |      24 |       9 |  27.3
       D:15 |   13509 |    9405 |  41.0 |      30 |      11 |  26.8
     Lair:1 |    7079 |     161 |   2.2 |      22 |      12 |  35.3
     Lair:2 |    9623 |    1931 |  16.7 |      31 |       4 |  11.4
     Lair:3 |    3352 |     846 |  20.2 |      22 |       3 |  12.0
     Lair:4 |    6319 |   15435 |  71.0 |      21 |      69 |  76.7
     Lair:5 |   10132 |   10423 |  50.7 |      24 |      34 |  58.6
    Snake:1 |   14167 |       0 |   0.0 |      28 |       0 |   0.0
    Snake:2 |   24232 |    2202 |   8.3 |      45 |       8 |  15.1
    Snake:3 |   22283 |     607 |   2.7 |      40 |       2 |   4.8
    Snake:4 |   22654 |   10460 |  31.6 |      49 |      14 |  22.2
      Orc:1 |    3497 |     947 |  21.3 |      31 |       1 |   3.1
      Orc:2 |    1314 |   11772 |  90.0 |      17 |      42 |  71.2
      IceCv |       0 |    3098 | 100.0 |       0 |      49 | 100.0
            +---------+---------+-------+---------+---------+-------

Skill      XL: |  1  2  3  4  5  6  7  8  9 10 11 12 13 14 15 16 17 18 |
---------------+-------------------------------------------------------+-----
Dodging        | 3 4 5 6 9 10 11 14 16 | 16.0
Fighting       | 1 2 3 6 8 9 12 13 | 13.6
Short Blades   | 3 5 6 |  6.0
Summonings     | 3 5 8 13 14 15 | 15.0
Ice Magic      | 3 6 10 | 10.0
Evocations     | 2 4 |  4.0
Shields        | 5 6 |  6.0
Spellcasting   | 5 7 9 10 | 10.0
Conjurations   | 1 5 6 9 10 11 | 11.4
Alchemy        | 1 10 12 | 12.0
Armour         | 4 |  4.0
Stealth        | |  2.1
Air Magic      | |  2.4

Action                     |  1- 3 |  4- 6 |  7- 9 | 10-12 | 13-15 | 16-18 || total
---------------------------+-------+-------+-------+-------+-------+-------++-------
  Melee: Unarmed           |     8 |       |       |       |       |       ||     8
         Short sword       |     7 |    83 |   268 |    90 |       |       ||   448
         Punch             |       |     1 |     6 |     1 |       |       ||     8
         Staff             |       |       |     7 |   435 |   627 |   408 ||  1477
   Fire: Orcbow            |       |    55 |       |       |       |       ||    55
  Throw: Throwing net      |       |     1 |       |       |       |       ||     1
   Cast: Shock             |    92 |    90 |    75 |     5 |   227 |     2 ||   491
         Summon Ice Beast  |       |       |    23 |    52 |    47 |     3 ||   125
         Mephitic Cloud    |       |       |       |    45 |    34 |     5 ||    84
         Irradiate         |       |       |       |    47 |   131 |    69 ||   247
         Iskenderun's Batt |       |       |       |       |    31 |     2 ||    33
         Spellforged Servi |       |       |       |       |       |    41 ||    41
         Summon Cactus Gia |       |       |       |       |       |    11 ||    11
         Freezing Cloud    |       |       |       |       |       |    33 ||    33
  Evoke: Wand              |       |       |    10 |    25 |    37 |    10 ||    82
    Use: Potion            |     1 |       |       |     5 |     4 |     5 ||    15
         Scroll            |       |     5 |     3 |    17 |    13 |     8 ||    46
   Stab: Sleeping          |       |     1 |     5 |     1 |       |     3 ||    10
         Distracted        |       |       |     1 |     1 |     5 |       ||     7
         Confused          |       |       |       |    35 |    16 |     5 ||    56
 Armour: Robe              |    13 |       |       |       |       |       ||    13
         Troll leather arm |     4 |    87 |   149 |   137 |       |       ||   377
         Ring mail         |       |       |       |   233 |   606 |   391 ||  1230
  Dodge: Dodged            |    24 |    98 |   162 |   552 |  1018 |   567 ||  2421
  Block: Buckler           |       |       |       |   150 |   355 |   218 ||   723

Illustrated notes

Table legend:
 A = Kills in this place as a percentage of kills in the entire game.
 B = Kills by you in this place as a percentage of kills by you in the entire game.
 C = Kills by friends in this place as a percentage of kills by friends in the entire game.
 D = Other kills in this place as a percentage of other kills in the entire game.
 E = Experience gained in this place as a percentage of experience gained in the entire game.
 F = Experience gained in this place divided by the number of levels of this place that you have seen.
                   A       B       C       D       E      F
               +-------+-------+-------+-------+-------+----------------------
         Total | 100.0 | 100.0 | 100.0 | 100.0 | 100.0 | 9369.9
       Dungeon |  40.7 |  43.1 |  33.5 |  37.0 |  27.8 | 4696.8
          Lair |  25.3 |  25.3 |  21.7 |  41.3 |  25.8 | 13060.2
     Snake Pit |  19.4 |  13.6 |  42.9 |   0.0 |  38.2 | 24151.2
  Orcish Mines |   9.5 |  11.0 |   1.9 |  21.7 |   6.9 | 8765.0
      Ice Cave |   5.1 |   7.0 |   0.0 |   0.0 |   1.2 | 3098.0
               +-------+-------+-------+-------+-------+----------------------

Table legend: (Time is in decaauts)
 A = Elapsed time spent in this place.
 B = Non-inter-level travel time spent in this place.
 C = Inter-level travel time spent in this place.
 D = Time resting spent in this place.
 E = Time spent auto-exploring this place.
 F = Levels seen in this place.
 G = Mean time per level.
                   A        B        C        D        E       F      G
               +--------+--------+--------+--------+--------+-----+--------+
         Total |  43776 |  41407 |   2369 |   9453 |  24637 |  27 | 1621.3 |
       Dungeon |  19947 |  18671 |   1276 |   2887 |  12749 |  15 | 1329.8 |
          Lair |  10659 |   9900 |    759 |   2773 |   5062 |   5 | 2131.8 |
     Snake Pit |   8289 |   8153 |    136 |   1851 |   5062 |   4 | 2072.2 |
  Orcish Mines |   2646 |   2449 |    197 |    711 |   1201 |   2 | 1323.0 |
      Ice Cave |   2234 |   2234 |      0 |   1231 |    561 |   1 | 2234.0 |
               +--------+--------+--------+--------+--------+-----+--------+

Top non-repeatable levels by time:
  Lair:4: 3662 daAuts
 Snake:3: 2467 daAuts
   IceCv: 2234 daAuts
 Snake:2: 2122 daAuts
  Lair:5: 2081 daAuts
 Snake:1: 2010 daAuts
    D:15: 1970 daAuts
   Orc:2: 1801 daAuts
     D:9: 1708 daAuts
    D:13: 1702 daAuts
 Snake:4: 1688 daAuts
  Lair:2: 1661 daAuts
  Lair:3: 1642 daAuts
     D:8: 1617 daAuts
  Lair:1: 1610 daAuts
